 Dungeon Crawl Stone Soup version 0.28.0-43-g3370ac3207 (webtiles) character file.

Game seed: 8741704337724236286

25 terff the Bolt Thrower (level 3, 0/35 HPs)
             Began as a Gnoll Wanderer on Mar 21, 2022.
             Slain by a kobold
             ... wielding a +0 club
              (3 damage)
             ... on level 1 of the Dungeon.
             The game lasted 00:03:06 (1057 turns).

terff the Bolt Thrower (Gnoll Wanderer)             Turns: 1057, Time: 00:03:07

Health: 0/35       AC:  3    Str: 14    XL:     3   Next: 4%
Magic:  3/3        EV:  8    Int:  8    God:
Gold:   0          SH:  0    Dex: 13    Spells: 3/3 levels left

rFire   . . .      SeeInvis .   a - +3 shortbow
rCold   . . .      Faith    .   (shield currently unavailable)
rNeg    . . .      Spirit   .   e - +0 leather armour
rPois   .          Reflect  .   (no helmet)
rElec   .          Harm     .   (no cloak)
rCorr   .          Rampage  .   (no gloves)
Will    .....                   (no boots)
Stlth   +.........              (no amulet)
HPRegen 0.11/turn               (no ring)
MPRegen 0.08/turn               (no ring)

@: constricted
A: fangs 1, strong nose, distributed training
a: no special abilities


You were on level 1 of the Dungeon.
You visited 1 branch of the dungeon, and saw 1 of its levels.

Inventory:

Hand Weapons
 a - a +3 shortbow (weapon)
 c - a +0 hand crossbow
 g - a +0 short sword
 i - a +0 dagger
 j - a +0 dagger
Missiles
 b - 25 arrows (quivered ammo)
 d - 23 bolts
Armour
 e - a +0 leather armour (worn)


   Skills:
 + Level 6.5 Fighting
 + Level 0.5 Short Blades
 + Level 0.5 Long Blades
 + Level 0.5 Axes
 + Level 0.5 Maces & Flails
 + Level 0.5 Polearms
 + Level 0.5 Staves
 + Level 0.5 Slings
 + Level 6.5 Bows
 + Level 6.5 Crossbows
 + Level 0.5 Throwing
 + Level 0.5 Armour
 + Level 0.5 Dodging
 + Level 0.5 Stealth
 + Level 0.5 Shields
 + Level 0.5 Unarmed Combat
 + Level 0.5 Spellcasting
 + Level 0.4 Conjurations
 + Level 0.4 Hexes
 + Level 0.4 Summonings
 + Level 0.4 Necromancy
 + Level 0.4 Translocations
 + Level 0.4 Transmutations
 + Level 0.4 Fire Magic
 + Level 0.4 Ice Magic
 + Level 0.4 Air Magic
 + Level 0.4 Earth Magic
 + Level 0.4 Poison Magic
 + Level 0.7 Invocations
 + Level 2.5 Evocations


You had 3 spell levels left.
You didn't know any spells.
Your spell library was empty.

Dungeon Overview and Level Annotations

Branches:
Dungeon (1/15)

Altars:


Innate Abilities, Weirdness & Mutations

You have very sharp teeth.
Your uncanny sense of smell can sniff out nearby items.
Your experience applies equally to all skills.


Message History

There are monsters nearby!
There are monsters nearby!
There are monsters nearby!
The kobold barely misses you. The ball python bites you.
The ball python barely misses you. The kobold completely misses you.
The ball python bites you but does no damage.
The ball python barely misses you. The kobold hits you but does no damage.
The ball python bites you but does no damage.
The ball python barely misses you. The ball python closely misses you.
The ball python barely misses you. The kobold hits you with a +0 club.
The ball python misses you. The ball python grabs you.
The ball python constricts you. The kobold hits you with a +0 club.
The ball python closely misses you. The ball python constricts you.
The kobold hits you with a +0 club. The ball python bites you.
The ball python constricts you. The kobold hits you with a +0 club.
The ball python bites you. The ball python constricts you.
The kobold hits you with a +0 club. The ball python bites you.
The ball python constricts you. The ball python closely misses you.
The ball python constricts you. The kobold hits you with a +0 club.
* * * LOW HITPOINT WARNING * * *
The ball python barely misses you. The ball python constricts you.
The kobold hits you but does no damage. The ball python closely misses you.
The ball python constricts you. The kobold closely misses you.
The ball python bites you but does no damage.
The ball python constricts you.
* * * LOW HITPOINT WARNING * * *
The kobold hits you with a +0 club.
* * * LOW HITPOINT WARNING * * *
The ball python bites you.
* * * LOW HITPOINT WARNING * * *
The ball python constricts you.
* * * LOW HITPOINT WARNING * * *
The kobold hits you with a +0 club.
You die...

#.# .#.......# #†# .#.......#
##.# .........# #..# ..##.#####
##########.## ###..# #.....††...#
....# ≈♣..≈..#########$.$##.##
≈...##.##.......S.........##.#..
.≈.≈≈#.##.######@##....≈≈....#.#
.≈≈.♣≈..#.#....#.K....≈......#(##
...≈.≈..#.#.#.#####..≈..≈........
♣..≈♣............# ...........$.
≈♣≈≈....#.#.#.##.# ............
.≈≈..........###.# ...........
≈≈.≈≈♣≈..........# ...........
≈.≈..........##### ...........
##.....#...### .......†.†.


You could see a ball python and a kobold.

Vanquished Creatures
  A dart slug (D:1)
  2 endoplasms (D:1)
  2 goblins (D:1)
  4 jackals (D:1)
  A quokka (D:1)
  2 ball pythons (D:1)
  2 bats (D:1)
  2 frilled lizards (D:1)
  3 kobolds (D:1)
  2 rats (D:1)
21 creatures vanquished.

Notes
Turn   | Place    | Note
-------+----------+-------------------------------------------
     0 | D:1      | terff the Gnoll Wanderer began the quest for the Orb.
     0 | D:1      | terff set off with the following items: a +3 shortbow, 31
                  | arrows, a +0 hand crossbow, 25 bolts, a +0 leather armour
     0 | D:1      | Reached XP level 1. HP: 23/23 MP: 1/1
   523 | D:1      | Reached XP level 2. HP: 29/29 MP: 2/2
   900 | D:1      | Reached XP level 3. HP: 21/35 MP: 3/3
  1057 | D:1      | Slain by a kobold

Illustrated notes

Levels and vault maps discovered:
D:1:      dpeg_chamrin_arrival_tetris, layout_basic, serial_rivers,
          chequers_serial_rivers_micro_e, chequers_serial_rivers_micro_d,
          chequers_serial_rivers_micro_c, chequers_serial_rivers_marsh,
          chequers_serial_rivers_micro_e, chequers_serial_rivers_large_b,
          st_stairs_14

Action                   || total
-------------------------++-------
Melee: Shortbow          ||    35
       Bite              ||     7
       Hand crossbow     ||     9
       Short sword       ||     7
 Fire: Shortbow          ||    29
       Hand crossbow     ||     4
  Use: Scroll            ||     3
Armor: Leather armour    ||    38
Dodge: Dodged            ||    85
